 Dungeon Sprint DCSS version 0.23-a0-701-gd76f34b (webtiles) character file.

1074 ubloh the Cleaver (level 8, 0/79 HPs)
             Began as a Minotaur Fighter on Jan 12, 2019.
             Succumbed to a kobold demonologist's poison
             ... in the Dungeon (Sprint I: "Red Sonja").
             The game lasted 00:03:51 (382 turns).

ubloh the Cleaver (Minotaur Fighter)                 Turns: 382, Time: 00:03:52

Health: 0/79       AC:  8    Str: 24    XL:     8   Next: 7%
Magic:  7/7        EV:  9    Int:  5    God:
Gold:   421        SH: 12    Dex:  9    Spells: 7/7 levels left

rFire    . . .     SeeInvis .   a - +0 war axe
rCold    . . .     Gourm    .   c - +0 shield
rNeg     . . .     Faith    .   b - +0 scale mail
rPois    .         Spirit   .   (helmet restricted)
rElec    .         Reflect  .   (no cloak)
rCorr    .         Harm     .   (no gloves)
MR       .....     NoTele   +   (no boots)
Stlth    ..........             (no amulet)
HPRegen  0.23/turn              (no ring)
MPRegen  0.10/turn              (no ring)

@: lethally poisoned (0 -> -7), very slightly contaminated, invisible
A: retaliatory headbutt, horns 2
a: no special abilities


You were in the Dungeon.
You were not hungry.

You visited 1 branch You collected 421 gold pieces.

Inventory:

Hand Weapons
 a - a +0 war axe (weapon)
Armour
 b - a +0 scale mail (worn)
 c - a +0 shield (worn)
Wands
 l - a wand of polymorph (3)
Scrolls
 k - a scroll of blinking
Potions
 d - a potion of might
 h - a potion of haste
 i - 2 potions of magic
Comestibles
 f - a ration


   Skills:
 + Level 10.2 Fighting
 * Level 13.1 Axes
 + Level 10.2 Armour
 + Level 10.2 Shields


You had 7 spell levels left.
You didn't know any spells.
Your spell library was empty.

Dungeon Overview and Level Annotations

Branches:
Dungeon (1/1)

Altars:
Makhleb
Sif Muna
Vehumet
Wu Jian
Xom
Jiyva
Lugonu


Innate Abilities, Weirdness & Mutations

You reflexively headbutt those who attack you in melee.
You have a pair of horns on your head.


Message History

Your Armour skill increases to level 10!
Your Shields skill increases to level 10!
You have reached level 8!
You feel stronger.
* * * LOW HITPOINT WARNING * * *
You feel sick.
There is a lethal amount of poison in your body!
* * * LOW HITPOINT WARNING * * *
You feel sick.
There is an open door, spattered with blood here.
Things that are here:
a +1 dagger of venom; a +0 robe; a kobold corpse
* * * LOW HITPOINT WARNING * * *
You feel sick.
* * * LOW HITPOINT WARNING * * *
You feel sick.
* * * LOW HITPOINT WARNING * * *
You feel sick.
There is an open door here.
You die...

##########################
#<.#..)..#.))..#@_#..'.K.#
#..'[.#..').#..'..'..#.K.#
#..#####'#####'#__#### 5.+
#..# #..#...#(#### ## #..#
####..##.# #..# ##'#_.+
#⌠⌠# +..._# #### #_.#+#
##+#


There were no monsters in sight!

Vanquished Creatures
  A kobold demonologist (D)
  A slime creature (D)
  Sigmund (D)
  A floating eye (D)
  An ogre (D)
  A jelly (D)
  Ijyb (D)
7 creatures vanquished.

Vanquished Creatures (others)
  A kobold demonologist (D)
1 creature vanquished.

Grand Total: 8 creatures vanquished

Notes
Turn   | Place    | Note
-------+----------+-------------------------------------------
     0 | D        | ubloh the Minotaur Fighter began the quest for the Orb.
     0 | D        | Reached XP level 1. HP: 19/19 MP: 0/0
     1 | D        | Noticed Ijyb
    10 | D        | Killed Ijyb
    10 | D        | Reached skill level 4 in Axes
    10 | D        | Reached XP level 2. HP: 28/28 MP: 1/1
    23 | D        | Noticed an ogre
    27 | D        | Killed an ogre
    27 | D        | Reached skill level 7 in Axes
    27 | D        | Reached XP level 3. HP: 37/37 MP: 2/2
    27 | D        | Reached XP level 4. HP: 44/44 MP: 3/3
    73 | D        | Noticed Sigmund
    82 | D        | Killed Sigmund
    82 | D        | Reached skill level 9 in Axes
    82 | D        | Reached XP level 5. HP: 30/52 MP: 4/4
   217 | D        | Found a deep blue altar of Sif Muna.
   218 | D        | Found an ornate altar of the Wu Jian Council.
   221 | D        | Found a radiant altar of Vehumet.
   224 | D        | Reached XP level 6. HP: 59/61 MP: 5/5
   248 | D        | Found a viscous altar of Jiyva.
   248 | D        | Found a corrupted altar of Lugonu.
   248 | D        | Noticed a slime creature
   253 | D        | Killed a slime creature
   253 | D        | Reached skill level 11 in Axes
   254 | D        | Found a burning altar of Makhleb.
   254 | D        | Found a shimmering altar of Xom.
   333 | D        | Noticed a kobold demonologist
   333 | D        | Noticed a floating eye
   333 | D        | Noticed a kobold demonologist
   341 | D        | Noticed a hellwing
   345 | D        | Killed a floating eye
   345 | D        | Reached XP level 7. HP: 63/70 MP: 6/6
   347 | D        | Noticed a hellwing
   349 | D        | Noticed an orange demon
   366 | D        | Killed a kobold demonologist
   366 | D        | Reached skill level 12 in Axes
   367 | D        | Noticed a chaos spawn
   369 | D        | Noticed a ynoxinul
   376 | D        | Killed a kobold demonologist
   376 | D        | Reached skill level 10 in Fighting
   376 | D        | Reached skill level 13 in Axes
   376 | D        | Reached skill level 10 in Armour
   376 | D        | Reached skill level 10 in Shields
   376 | D        | Reached XP level 8. HP: 6/79 MP: 7/7
   378 | D        | HP: 3/79 [poisoned by a kobold demonologist]
   381 | D        | HP: 1/79 [poisoned by a kobold demonologist]
   382 | D        | Succumbed to a kobold demonologist's poison

Vault maps used:
D:        dungeon_sprint_1

Skill      XL: |  1  2  3  4  5  6  7 |
---------------+----------------------+-----
Fighting       | 4 6 7 9 10 | 10.2
Axes           | 4 7 9 11 13 | 13.1
Armour         | 4 6 7 9 10 | 10.2
Shields        | 4 6 7 9 10 | 10.2

Action                   |  1- 3 |  4- 6 |  7- 9 || total
-------------------------+-------+-------+-------++-------
Melee: War axe           |    11 |    18 |    26 ||    55
       Headbutt          |     1 |     6 |     4 ||    11
  Use: Potion            |     1 |       |     2 ||     3
 Stab: Invisible         |       |       |     1 ||     1
Armor: Skin              |     5 |       |       ||     5
       Scale mail        |       |     4 |    16 ||    20
Dodge: Dodged            |       |     4 |    13 ||    17
Block: Shield            |     4 |     4 |    25 ||    33

Table legend:
 A = Non-vault XP
 B = Vault XP
 C = Vault XP percentage of total XP
 D = Non-vault monster count
 E = Vault monster count
 F = Vault count percentage of total count
                 A         B        C        D         E       F
            +---------+---------+-------+---------+---------+-------
      Total |       0 |    1535 | 100.0 |       0 |       8 | 100.0
            +---------+---------+-------+---------+---------+-------
          D |       0 |    1535 | 100.0 |       0 |       8 | 100.0
            +---------+---------+-------+---------+---------+-------
